cohdb
Replays
Latest Replays
All Replays
Popular Replays
Top Player Replays
Match Explorer
How It Works
Community
CoH3 Stats
Reddit
Sign in to upload your games and track your stats! →
Sign in with Steam
Match 40907036
Unlisted
Match 40907036
Overview
Messages
Build Orders
End
Vickers Machine Gun Team
Construct Section Command Post
Dingo Light Scout Car
Infantry Section
Infantry Section
Construct Platoon Command Post
Humber Armored Car
6-pounder Anti-tank Gun Team
Construct Field Infirmary
Construct Company Command Post
Matilda II Heavy Tank
Selects Indian Artillery Battlegroup
Selects Artillery Saturation
Selects Off-map Airburst Barrage
Selects BL5.5 Artillery Emplacement
Off-map Airburst Barrage
CMP 15cwt Truck
Selects Valour
Selects Gurkha Rifles Section
Off-map Airburst Barrage
Off-map Airburst Barrage
Matilda II Heavy Tank
Armored Vehicle Training
Infantry Training
Off-map Airburst Barrage
Matilda II Heavy Tank
ZmiO
Belfegor ๏̯͡๏
Common folk
General Winter
OVER_L0rd
cheesysamurai
Destiny
Voodoo408
0
0
Comments
sign in to comment!
No comments posted yet!